Match 47116378
Unlisted

Match 47116378
End
Construct Infanterie Kompanie
Pioneer Squad
Grenadier Squad
Selects Breakthrough Battlegroup
Selects Assault Grenadiers
Grenadier Squad
Grenadier Squad
Infanterie Officer Quarters
Construct Panzergrenadier Kompanie
Grenadier Squad
Selects Breakthrough
251 Medium Carrier
Selects Mechanized Assault Group
Mechanized Assault Group
Pak 40 Anti-tank Gun Team
Pioneer Squad
Pioneer Squad
Construct Panzer Kompanie
Selects Rapid Production
Selects Blitzkrieg
Panzer IV Medium Tank
Panzer IV Medium Tank
Sturmpanzer IV Brummbär
Panzer Officer Quarters
Pioneer Squad
Selects Tiger Heavy Tank
Nah
infernoVenom
Cpt Darling
Balzeal
0
0

Comments sign in to comment!

No comments posted yet!